[Event "Titled Tuesday Blitz February 07 Late 2023"]
[White "Toktomushev, Teimur"]
[Black "Schekachikhin, Maksim"]
[WhiteFideId "14176726"]
[BlackFideId "24177830"]
[WhiteElo "2239"]
[BlackElo "2371"]
[Result "0-1"]
[Round "05"]
[TimeControl "180+2"]
[Date "2023.02.07"]
[WhiteClock "0:00:06"]
[BlackClock "0:00:12"]

1. d4 Nf6 2. c4 b6 3. Nf3 Bb7 4. g3 g6 5. Bg2 Bg7 6. O-O O-O 7. Re1 e6 8. Qc2 d5 9. Ne5 c6 10. Nc3 Nbd7 11. e4 dxe4 12. Nxe4 Nxe4 13. Qxe4 Nxe5 14. dxe5 Qe7 15. Bf4 Rad8 16. Qe3 c5 17. Rad1 Bxg2 18. Kxg2 Qb7+ 19. Qf3 Qa6 20. Rxd8 Rxd8 21. Rd1 Rf8 22. Qb3 h6 23. Rd6 g5 24. Be3 Bxe5 25. Rd7 Ra8 26. Qd3 Qc8 27. Re7 Qc6+ 28. f3 a5 29. Qd7 Qxd7 30. Rxd7 Bxb2 31. Rb7 Rd8 32. Rxb6 Ba3 33. Rb5 a4 34. Bxc5 Rd2+ 35. Kh3 Bxc5 36. Rxc5 Rxa2 37. Ra5 a3 38. c5 Kg7 39. c6 Rc2 40. Rxa3 Rxc6 41. Re3 h5 42. Re2 Rc4 43. Kg2 Kg6 44. h3 h4 45. gxh4 Rxh4 46. Ra2 Rb4 47. Ra8 Kf5 48. Rg8 Kf4 49. Ra8 Rb2+ 50. Kg1 Kxf3 51. Rf8 f5 52. Rg8 Kf4 53. Re8 e5 54. Ra8 e4 55. Ra4 Kf3 56. Ra5 f4 57. Rxg5 Rb1+ 58. Kh2 e3 59. Rg2 Ke4 60. Rg8 f3 61. Re8+ Kd3 62. Rd8+ Ke2 63. Kg3 Rg1+ 64. Kf4 f2 65. Ke4 f1=Q 66. Rd2+ Kxd2 67. Ke5 Qxh3 68. Kd6 Rg6+ 69. Kc5 Qf5+ 70. Kd4 Rg4# 0-1


[Site "https://www.chess.com"]

[Event "Titled Tuesday Blitz February 07 Late 2023"]
[White "Clawitter, Craig"]
[Black "Kokoszczynski, Jan"]
[WhiteFideId "2023105"]
[BlackFideId "1174460"]
[WhiteElo "2050"]
[BlackElo "2247"]
[Result "0-1"]
[Round "05"]
[TimeControl "180+2"]
[Date "2023.02.07"]
[WhiteClock "0:00:03"]
[BlackClock "0:00:12"]

1. e4 e5 2. Nf3 Nc6 3. Bb5 a6 4. Ba4 Nf6 5. O-O Be7 6. d3 b5 7. Bb3 d6 8. a4 b4 9. a5 O-O 10. Nbd2 Rb8 11. h3 Nd7 12. Bd5 Bb7 13. Nc4 Bf6 14. Ne3 Ne7 15. Bxb7 Rxb7 16. Bd2 g6 17. Qe1 Qb8 18. Ng4 Bg7 19. Bh6 Rb5 20. Bxg7 Kxg7 21. Qe3 Ng8 22. c4 bxc3 23. bxc3 h5 24. Ngh2 Qb7 25. d4 Re8 26. Rfe1 Ngf6 27. g4 exd4 28. Nxd4 Rxe4 29. Qd3 Ne5 30. Qf1 Rb2 31. g5 Nfd7 32. Rxe4 Qxe4 33. Qxa6 c5 34. Nb5 Qe2 35. Rf1 Qxb5 36. Qxb5 Rxb5 37. f4 Nc4 38. f5 gxf5 39. Rxf5 Rxa5 40. Nf3 Nde5 41. Nxe5 Nxe5 42. h4 Ra2 43. Kf1 Ng4 44. Ke1 Ne3 45. Rf6 Nc4 46. Rh6 Rc2 47. Rxh5 Rxc3 48. Rh6 d5 49. Kd1 Rh3 50. h5 d4 51. Rc6 Rh1+ 52. Ke2 Rh2+ 53. Kf3 Ne5+ 54. Kg3 Nxc6 55. Kxh2 Ne7 56. Kg3 c4 57. Kf3 c3 58. Ke2 Nd5 59. Kd3 Nf4+ 60. Kxd4 c2 61. h6+ Kg6 0-1


[Site "https://www.chess.com"]

[Event "Titled Tuesday Blitz February 07 Late 2023"]
[White "Seletsky, Grigory"]
[Black "Smith, Garrett L"]
[WhiteFideId "14112191"]
[BlackFideId "2024829"]
[WhiteElo "2259"]
[BlackElo "2047"]
[Result "1-0"]
[Round "05"]
[TimeControl "180+2"]
[Date "2023.02.07"]
[WhiteClock "0:01:25"]
[BlackClock "0:00:24"]

1. e4 c5 2. Nc3 Nc6 3. d3 g6 4. Be3 d6 5. d4 cxd4 6. Bxd4 Nxd4 7. Qxd4 Nf6 8. e5 dxe5 9. Bb5+ Bd7 10. Qxe5 Bg7 11. O-O-O O-O 12. Bxd7 Nxd7 13. Qb5 Bxc3 14. bxc3 Qb6 15. Qxd7 Rfd8 16. Qg4 Rxd1+ 17. Qxd1 Rd8 18. Qf3 Qc5 19. Ne2 Qa3+ 20. Kb1 Rd6 21. Nc1 Rb6+ 22. Nb3 a5 23. Qe3 Rc6 24. Rd1 a4 25. Rd8+ Kg7 26. Qd4+ f6 27. Na5 Rc5 28. Qb4 1-0


[Site "https://www.chess.com"]

[Event "Titled Tuesday Blitz February 07 Late 2023"]
[White "Girsh, Daniel"]
[Black "Sabar, Ethmane Daouda"]
[WhiteFideId "30949190"]
[BlackFideId "19600097"]
[WhiteElo "2123"]
[BlackElo "2040"]
[Result "0-1"]
[Round "05"]
[TimeControl "180+2"]
[Date "2023.02.07"]
[WhiteClock "0:00:13"]
[BlackClock "0:00:14"]

1. e4 e5 2. Nf3 Nc6 3. Bb5 f5 4. Nc3 fxe4 5. Nxe4 d5 6. Nxe5 dxe4 7. Nxc6 Qg5 8. Nxa7+ Kd8 9. d3 Qxg2 10. dxe4+ Bd6 11. Rf1 Qxe4+ 12. Be3 Rxa7 13. Qh5 Nf6 14. Qg5 Ra5 15. Qxg7 Rf8 16. Bd3 Qb4+ 17. Ke2 Re5 18. Rad1 Bd7 19. Bxh7 Nxh7 20. Qxh7 Bb5+ 21. Rd3 Qxb2 22. Kd2 Qb4+ 23. Ke2 Qe4 24. Rd1 Qxh7 25. c3 Bxd3+ 26. Rxd3 Rxe3+ 27. Rxe3 Qh5+ 28. Kd2 Re8 29. Kd3 Rxe3+ 30. fxe3 Qxh2 31. e4 Qe5 32. Ke3 Qxc3+ 33. Ke2 Qa3 34. Kf2 Qxa2+ 35. Kf3 Qe6 36. Ke3 Qe5 37. Kd3 b5 38. Ke3 b4 39. Kd3 b3 40. Kc4 b2 41. Kd3 b1=Q+ 42. Kd2 Qbxe4 43. Kc1 Qe2 44. Kb1 Q5b2# 0-1


[Site "https://www.chess.com"]

[Event "Titled Tuesday Blitz February 07 Late 2023"]
[White "Volkmann, Andre Jordi"]
[Black "Skvortsov, Andrei"]
[WhiteFideId "2154463"]
[BlackFideId "24108600"]
[WhiteElo "2158"]
[BlackElo "2313"]
[Result "1-0"]
[Round "05"]
[TimeControl "180+2"]
[Date "2023.02.07"]
[WhiteClock "0:00:38"]
[BlackClock "0:01:15"]

1. d4 d5 2. c4 c6 3. cxd5 cxd5 4. Nc3 Nc6 5. Bf4 e6 6. e3 Bb4 7. Bd3 Nge7 8. Nf3 O-O 9. O-O Ng6 10. Bg3 a6 11. Rc1 Bd6 12. a3 Bxg3 13. hxg3 Bd7 14. b4 Na7 15. Na4 Bb5 16. Nc5 Qe7 17. Qb3 Bxd3 18. Nxd3 Rfc8 19. a4 Nf8 20. b5 axb5 21. axb5 Nd7 22. Ra1 Nb6 23. Nc5 Rcb8 24. Ne5 Nac8 25. g4 Nd6 26. Rfc1 Ndc4 27. Nxc4 Nxc4 28. Ra2 h6 29. Rca1 Rxa2 30. Qxa2 b6 31. Nd3 Qg5 32. Qa7 Rf8 33. Ne5 Nxe5 34. dxe5 Qxe5 35. Rb1 Qd6 36. Rc1 d4 37. Rc6 Qb4 38. exd4 Qxb5 39. Qxb6 Qe2 40. f3 Qe1+ 41. Kh2 Qh4+ 42. Kg1 Ra8 43. Rc1 Ra2 44. Qb8+ Kh7 45. Qb1+ f5 46. Qxa2 fxg4 47. Qc2+ 1-0


[Site "https://www.chess.com"]

[Event "Titled Tuesday Blitz February 07 Late 2023"]
[White "Averjanov, Alexey"]
[Black "Gatterer, Florian"]
[WhiteFideId "14109867"]
[BlackFideId "811688"]
[WhiteElo "2399"]
[BlackElo "2170"]
[Result "1-0"]
[Round "05"]
[TimeControl "180+2"]
[Date "2023.02.07"]
[WhiteClock "0:00:39"]
[BlackClock "0:00:03"]

1. d4 Nf6 2. c4 e6 3. Nf3 d5 4. e3 c5 5. dxc5 Bxc5 6. a3 a5 7. Nc3 O-O 8. cxd5 exd5 9. Nb5 Nc6 10. Be2 Re8 11. O-O Ne4 12. b3 Qf6 13. Rb1 Bf5 14. Bb2 Qd8 15. Rc1 Bb6 16. Nfd4 Nxd4 17. Nxd4 Bg6 18. Bh5 Rc8 19. Bxg6 hxg6 20. Qd3 Qd7 21. h3 Rxc1 22. Rxc1 Rc8 23. Rxc8+ Qxc8 24. Qb5 Bxd4 25. Bxd4 Qc1+ 26. Kh2 Nxf2 27. Qxd5 Qh1+ 28. Kg3 Nd3 29. Qxb7 Qe1+ 30. Kh2 Nf2 31. Qd5 Qh1+ 32. Kg3 Qe1 33. Kf3 Nd1 34. Ke4 Qe2 35. Ke5 Nxe3 36. Bxe3 Qxe3+ 37. Kd6 Qb6+ 38. Kd7 Qa7+ 39. Kc6 Qa8+ 40. Kc5 Qa7+ 41. Kb5 Qb8+ 42. Kxa5 Qa7+ 43. Kb4 Qb8+ 44. Kc3 Qf4 45. Qf3 Qc1+ 46. Kb4 Qd2+ 47. Qc3 Qd6+ 48. Qc5 Qd2+ 49. Ka4 Qxg2 50. b4 Kh7 51. b5 Qa8+ 52. Kb4 Qe4+ 53. Qc4 Qe7+ 54. Kb3 Qe3+ 55. Qc3 Qe6+ 56. Kb4 Qe7+ 57. Qc5 Qe1+ 58. Ka4 Qd1+ 59. Ka5 Qd2+ 60. Ka6 Qd8 61. b6 Qa8+ 62. Kb5 Qb7 63. a4 Qd7+ 64. Qc6 Qd3+ 65. Ka5 Qd2+ 66. Ka6 Qd3+ 67. Kb7 Qe3 68. a5 Qe7+ 69. Qc7 Qb4 70. a6 Qb5 71. a7 Qa4 72. a8=Q Qc6+ 73. Qxc6 1-0


[Site "https://www.chess.com"]

[Event "Titled Tuesday Blitz February 07 Late 2023"]
[White "Lucassen, Mickey"]
[Black "Romanchuk, Viktor"]
[WhiteFideId "12919110"]
[BlackFideId "14109271"]
[WhiteElo "2023"]
[BlackElo "2266"]
[Result "0-1"]
[Round "05"]
[TimeControl "180+2"]
[Date "2023.02.07"]
[WhiteClock "0:01:01"]
[BlackClock "0:01:47"]

1. d4 d5 2. Nf3 Nf6 3. g3 c5 4. c3 e6 5. Bg2 Nc6 6. O-O Bd7 7. Nbd2 Rc8 8. Re1 cxd4 9. cxd4 Nb4 10. Rf1 Qb6 11. Nb3 Ba4 12. Ne1 Nxa2 13. Bd2 Bxb3 14. Qb1 Nb4 15. Bc3 a5 16. Ra3 Bc4 17. Qd1 Be7 18. Nf3 O-O 19. Ne5 Ne4 20. Nd7 Qb5 21. Nxf8 Bxe2 22. Qc1 Bxf8 23. Re1 Nd3 24. Qb1 Nxc3 25. Rxc3 Rxc3 26. bxc3 Nxe1 27. Qxe1 a4 0-1


[Site "https://www.chess.com"]

[Event "Titled Tuesday Blitz February 07 Late 2023"]
[White "Cella, Glaucio Dalla Cortt"]
[Black "Li, Hui"]
[WhiteFideId "2119455"]
[BlackFideId "15400310"]
[WhiteElo "1894"]
[BlackElo "1963"]
[Result "1/2-1/2"]
[Round "05"]
[TimeControl "180+2"]
[Date "2023.02.07"]
[WhiteClock "0:02:15"]
[BlackClock "0:02:18"]

1. e4 e5 2. Nf3 Nf6 3. d4 exd4 4. e5 Ne4 5. Qxd4 d5 6. exd6 Nxd6 7. Nc3 Nc6 8. Qe3+ Be7 9. Nd5 Nf5 10. Qd3 Nb4 11. Nxb4 Bxb4+ 12. Bd2 Bxd2+ 13. Qxd2 Qxd2+ 14. Nxd2 Be6 1/2-1/2


[Site "https://www.chess.com"]

[Event "Titled Tuesday Blitz February 07 Late 2023"]
[White "Sztokbant, Bernardo Vainzoff"]
[Black "Hoffmann, Asa"]
[WhiteFideId "2115956"]
[BlackFideId "2001470"]
[WhiteElo "2213"]
[BlackElo "2185"]
[Result "1-0"]
[Round "05"]
[TimeControl "180+2"]
[Date "2023.02.07"]
[WhiteClock "0:00:34"]
[BlackClock "0:00:37"]

1. e4 d6 2. d4 Nf6 3. Nc3 c6 4. Nf3 Bg4 5. Be3 e6 6. Be2 d5 7. e5 Nfd7 8. h3 Bh5 9. Nd2 Bg6 10. Bd3 c5 11. f4 cxd4 12. Bxd4 Nc6 13. Bf2 Bc5 14. O-O Bxf2+ 15. Rxf2 Nc5 16. Nf3 a6 17. Ne2 Nxd3 18. cxd3 Qb6 19. Qd2 O-O-O 20. Rc1 Kb8 21. Nc3 Rc8 22. Na4 Qb5 23. Nc5 Qb4 24. Nxa6+ bxa6 25. Rxc6 Qxd2 26. Rxc8+ Rxc8 27. Rxd2 Rc1+ 28. Kf2 Rb1 29. Nd4 Kb7 30. g4 h6 31. f5 exf5 32. gxf5 Bh5 33. Rc2 Rd1 34. Rc3 Rd2+ 35. Ke3 Rxb2 36. Rc5 Rh2 37. Rxd5 Rxh3+ 38. Kd2 Kc7 39. e6 fxe6 40. fxe6 Be8 41. e7 Rh2+ 42. Kc3 Rxa2 43. Rd8 Bh5 44. Ne6+ Kb6 45. Nxg7 Bg6 46. Rd6+ Kc7 47. Rxg6 Re2 48. e8=Q 1-0


[Site "https://www.chess.com"]

[Event "Titled Tuesday Blitz February 07 Late 2023"]
[White "Kalajzic, Ivan"]
[Black "Karwowski, Kacper"]
[WhiteFideId "14506378"]
[BlackFideId "1126032"]
[WhiteElo "2062"]
[BlackElo "2164"]
[Result "1-0"]
[Round "05"]
[TimeControl "180+2"]
[Date "2023.02.07"]
[WhiteClock "0:00:19"]
[BlackClock "0:01:01"]

1. b3 d5 2. Bb2 Bg4 3. h3 Bh5 4. Nf3 Nf6 5. e3 e6 6. Be2 Be7 7. O-O O-O 8. d3 Nbd7 9. Nbd2 c5 10. Ne5 Nxe5 11. Bxh5 Nc6 12. Bf3 e5 13. e4 d4 14. a4 a6 15. Be2 b5 16. f4 exf4 17. Rxf4 Nd7 18. Rf1 Nde5 19. Nf3 Nxf3+ 20. Bxf3 Ne5 21. Bc1 Bg5 22. axb5 Bxc1 23. Qxc1 axb5 24. Qf4 f6 25. Bg4 Qe7 26. Qf5 Kh8 27. Qe6 Qxe6 28. Bxe6 Nc6 29. Rxa8 Rxa8 30. Bd5 Ra6 31. Bxc6 Rxc6 32. Ra1 h5 33. Ra8+ Kh7 34. Rb8 b4 35. Kf2 Kg6 36. h4 f5 37. Kf3 fxe4+ 38. Kxe4 Re6+ 39. Kd5 Re2 40. Kxc5 Rxc2+ 41. Kxb4 Rxg2 42. Rd8 Rg4 43. Kc5 Rxh4 44. b4 Rh1 45. b5 Rb1 46. Rxd4 h4 47. Rxh4 Kf5 48. Rb4 Rc1+ 49. Kd6 Rc8 50. b6 g5 51. b7 Rg8 52. b8=Q 1-0


[Site "https://www.chess.com"]

[Event "Titled Tuesday Blitz February 07 Late 2023"]
[White "Petrovic, Aleksa"]
[Black "Jarocka, Liwia"]
[WhiteFideId "967629"]
[BlackFideId "21807558"]
[WhiteElo "2332"]
[BlackElo "2225"]
[Result "1-0"]
[Round "05"]
[TimeControl "180+2"]
[Date "2023.02.07"]
[WhiteClock "0:00:11"]
[BlackClock "0:00:13"]

1. d4 d5 2. c4 c6 3. Nf3 Nf6 4. Nc3 e6 5. Bg5 h6 6. Bxf6 Qxf6 7. Qb3 Nd7 8. Rd1 dxc4 9. Qxc4 Nb6 10. Qb3 Be7 11. g3 O-O 12. Bg2 Rd8 13. O-O Qg6 14. a4 Qh5 15. h3 Qa5 16. Ne5 Nd5 17. Ne4 Qb4 18. Qc2 Bd7 19. e3 Be8 20. Nd3 Qa5 21. Nec5 Qc7 22. Rb1 b6 23. Ne4 Rac8 24. Rfc1 Qb7 25. b4 f5 26. Nd2 Bg6 27. Ne5 Be8 28. Bf1 Nxb4 29. Qb3 Nd5 30. a5 b5 31. Nd3 a6 32. Nc5 Bxc5 33. Rxc5 Qc7 34. Qa3 Qe7 35. Nf3 g5 36. Ne5 Qg7 37. Rbc1 f4 38. Nxc6 Bxc6 39. Rxc6 Rxc6 40. Rxc6 fxg3 41. fxg3 Qf7 42. Bg2 Rf8 43. Rc2 Qf5 44. e4 Qg6 45. Rf2 Rxf2 46. Kxf2 Qf6+ 47. Ke2 Ne7 48. Qc3 Ng6 49. Qc5 h5 50. e5 Qf5 51. Qc8+ Kh7 52. Qb7+ Kh6 53. Be4 Qf8 54. Bxg6 Kxg6 55. Qe4+ Kh6 56. d5 Qa3 57. dxe6 Qa2+ 58. Ke3 Qxe6 59. Qd4 Qb3+ 60. Ke4 Qc2+ 61. Kd5 Qa2+ 62. Kd6 Qxa5 63. e6 Qa3+ 64. Kd7 b4 65. e7 Qa4+ 66. Ke6 Qc6+ 67. Qd6 Qe4+ 68. Kd7+ Kh7 69. e8=Q 1-0


[Site "https://www.chess.com"]

[Event "Titled Tuesday Blitz February 07 Late 2023"]
[White "Kostiukov, Alexandr"]
[Black "Yeritsyan, Hayk"]
[WhiteFideId "14108100"]
[BlackFideId "13307320"]
[WhiteElo "2271"]
[BlackElo "2241"]
[Result "0-1"]
[Round "05"]
[TimeControl "180+2"]
[Date "2023.02.07"]
[WhiteClock "0:00:01"]
[BlackClock "0:01:19"]

1. g3 d5 2. Bg2 Nf6 3. d3 Bf5 4. Nc3 e6 5. e4 Bg6 6. Qe2 c6 7. Nh3 h6 8. Nf4 Bh7 9. e5 Nfd7 10. O-O Be7 11. h4 O-O 12. Bd2 c5 13. Nb5 Nc6 14. c4 dxc4 15. dxc4 Ndxe5 16. Bc3 Nd3 17. Qg4 Bf6 18. Nh5 Bxc3 19. Nxc3 Bg6 20. Rad1 Nde5 21. Rxd8 Nxg4 22. Rxa8 Rxa8 23. Nf4 Nge5 24. Nxg6 Nxg6 25. Bxc6 bxc6 26. Rd1 Ne5 27. b3 Nf3+ 28. Kg2 Nd4 29. Na4 e5 30. Nxc5 f6 31. f4 Re8 32. fxe5 Rxe5 33. Rxd4 Rxc5 34. Kf3 Ra5 35. a4 Kf7 36. Rd7+ Kg6 37. g4 h5 38. gxh5+ Rxh5 39. Kg3 a5 40. Rd6 Rc5 41. Kg4 Kf7 42. Rd7+ Kg6 43. Rd6 Kh6 44. Rd8 g6 45. Rd7 Re5 46. Rf7 Re4+ 0-1


[Site "https://www.chess.com"]

[Event "Titled Tuesday Blitz February 07 Late 2023"]
[White "Malicka, Maria"]
[Black "Zochowski, Kacper"]
[WhiteFideId "1197576"]
[BlackFideId "1125494"]
[WhiteElo "2255"]
[BlackElo "2262"]
[Result "0-1"]
[Round "05"]
[TimeControl "180+2"]
[Date "2023.02.07"]
[WhiteClock "0:01:52"]
[BlackClock "0:00:32"]

1. e4 d6 2. d4 Nf6 3. Nc3 e5 4. Nf3 Nbd7 5. Rg1 g6 6. g4 Bg7 7. g5 Nh5 8. Be3 O-O 9. Qd2 c6 10. O-O-O Qa5 11. Kb1 b5 12. dxe5 dxe5 13. Nd5 Qd8 14. Bh3 Nb6 15. Nxb6 Qxd2 16. Rxd2 axb6 17. Bxc8 Rfxc8 18. Bxb6 Nf4 19. Bc5 Ne6 20. Bd6 Nd4 21. Nxe5 Bxe5 22. Bxe5 Nf3 23. Bf4 Nxg1 24. Rd1 0-1


[Site "https://www.chess.com"]

[Event "Titled Tuesday Blitz February 07 Late 2023"]
[White "Jenkins, Drake"]
[Black "Roux, Baptiste"]
[WhiteFideId "2022397"]
[BlackFideId "36017450"]
[WhiteElo "2130"]
[BlackElo "2300"]
[Result "1-0"]
[Round "05"]
[TimeControl "180+2"]
[Date "2023.02.07"]
[WhiteClock "0:00:06"]
[BlackClock "0:01:29"]

1. Nf3 d5 2. g3 g6 3. Bg2 Bg7 4. O-O e5 5. c4 c6 6. d3 h5 7. Bg5 f6 8. Bd2 dxc4 9. dxc4 Ne7 10. Nc3 Be6 11. b3 h4 12. Nxh4 g5 13. Nf3 Qc8 14. Ne4 Kf8 15. Re1 Bh3 16. Bh1 Qg4 17. Qc2 Nd7 18. Bb4 Re8 19. Nd6 c5 20. Nxe8 cxb4 21. Nxg7 Kxg7 22. Rad1 Nc5 23. Nd2 Qh5 24. Bf3 Bg4 25. Nf1 Bxf3 26. exf3 Qxf3 27. Re3 Qh5 28. Qe2 g4 29. Qd2 Nf5 30. Rd3 Nd4 31. Rxd4 exd4 32. Qxd4 Ne6 33. Qd7+ Qf7 34. Qxf7+ Kxf7 35. Rd7+ Kg6 36. Rxb7 a5 37. Ra7 Nd4 38. Nd2 Nf3+ 39. Nxf3 gxf3 40. h4 Rd8 41. Rxa5 Rd1+ 42. Kh2 Rf1 43. Kh3 f5 44. g4 f4 45. Ra6+ Kf7 46. g5 Rxf2 47. Kg4 Rg2+ 48. Kxf3 Rh2 49. Kxf4 Rxh4+ 50. Ke3 Rh1 51. Kd4 Rg1 52. Kc5 Rxg5+ 53. Kxb4 Rf5 54. Rd6 Ke7 55. Rd5 Rf6 56. a4 Rb6+ 57. Kc3 Rb8 58. a5 Ke6 59. b4 Ra8 60. Kb3 Ra6 61. Ka4 Ke7 62. Rc5 Kd7 63. Rd5+ Kc6 64. b5+ Kc7 65. bxa6 Kb8 66. Rd7 Ka8 67. Kb5 Kb8 68. Kc6 Kc8 69. c5 Kb8 70. Rc7 Ka8 71. Kb6 Kb8 72. Rc6 Ka8 73. Rc8# 1-0


[Site "https://www.chess.com"]

[Event "Titled Tuesday Blitz February 07 Late 2023"]
[White "Estrada Nieto, Julian"]
[Black "Alexikov, Alexander"]
[WhiteFideId "5101018"]
[BlackFideId "14103958"]
[WhiteElo "2215"]
[BlackElo "2209"]
[Result "1-0"]
[Round "05"]
[TimeControl "180+2"]
[Date "2023.02.07"]
[WhiteClock "0:00:48"]
[BlackClock "0:00:55"]

1. e4 c5 2. Nf3 d6 3. Bb5+ Nd7 4. d4 cxd4 5. Qxd4 Nf6 6. Bg5 a6 7. Bxd7+ Bxd7 8. Nc3 Bc6 9. O-O-O e5 10. Qd3 Be7 11. Bxf6 gxf6 12. Nh4 Rg8 13. Nf5 Qd7 14. g3 O-O-O 15. Nd5 Bxd5 16. Qxd5 Bf8 17. Rd3 Kb8 18. Rhd1 Qe6 19. Nxd6 Bxd6 20. Qxe6 fxe6 21. Rxd6 Rxd6 22. Rxd6 Re8 23. Rd7 h5 24. Rf7 f5 25. exf5 exf5 26. Rxf5 e4 27. Kd2 h4 28. gxh4 Kc7 29. h5 Re6 30. Ke3 b6 31. Rg5 a5 32. Rg7+ Kd8 33. Rg6 Re5 34. h6 Kc7 35. Rg7+ Kc6 36. h7 Rh5 37. Kxe4 Rxh2 38. f4 a4 39. f5 Kd6 40. f6 1-0


[Site "https://www.chess.com"]

[Event "Titled Tuesday Blitz February 07 Late 2023"]
[White "Osmonbekov, Talaibek"]
[Black "Flynn, Jacob"]
[WhiteFideId "2017253"]
[BlackFideId "2509393"]
[WhiteElo "2137"]
[BlackElo "2102"]
[Result "0-1"]
[Round "05"]
[TimeControl "180+2"]
[Date "2023.02.07"]
[WhiteClock "0:00:03"]
[BlackClock "0:00:10"]

1. d4 d5 2. Bf4 c5 3. e3 Nc6 4. Nc3 cxd4 5. exd4 a6 6. Nf3 Bg4 7. Be2 e6 8. O-O Bd6 9. Qd2 Nge7 10. Rfe1 Qc7 11. Ne5 Bxe2 12. Rxe2 Bxe5 13. dxe5 O-O 14. Bg3 Nf5 15. Rae1 Ncd4 16. Qg5 Nxe2+ 17. Rxe2 h6 18. Qg4 Qe7 19. h4 Rac8 20. Nxd5 exd5 21. Qxf5 Qe6 22. Qf3 Rc4 23. Rd2 Rc5 24. Bf4 Rfc8 25. c3 Qf5 26. Qg3 R8c6 27. Be3 Rb5 28. Bd4 Rg6 29. Qe3 Qb1+ 30. Kh2 Rxb2 31. h5 Rg5 32. e6 Rxh5+ 33. Kg3 Qg6+ 34. Kf3 Rf5+ 35. Ke2 Rxd2+ 36. Kxd2 Qxe6 37. Qg3 Rg5 38. Qb8+ Kh7 39. Qxb7 Rxg2 40. Qb8 Rg4 41. Qf8 f6 42. a4 Re4 43. Kc2 Re2+ 44. Kb3 h5 45. a5 h4 46. Qb8 h3 47. Qg3 g5 48. Qf3 Kg6 49. Qd3+ Kh5 50. Qf3+ Kg6 51. Qd3+ Qe4 52. Qxh3 Qb1+ 0-1


[Site "https://www.chess.com"]

[Event "Titled Tuesday Blitz February 07 Late 2023"]
[White "Gardezi, Arsal"]
[Black "Ansh M Shah"]
[WhiteFideId "30949521"]
[BlackFideId "25033379"]
[WhiteElo "2093"]
[BlackElo "2171"]
[Result "1-0"]
[Round "05"]
[TimeControl "180+2"]
[Date "2023.02.07"]
[WhiteClock "0:00:43"]
[BlackClock "0:00:14"]

1. Nf3 Nf6 2. g3 e6 3. Bg2 d5 4. O-O Be7 5. d4 O-O 6. c3 b6 7. Bf4 Bb7 8. Nbd2 Nbd7 9. Re1 c5 10. Ne5 Nxe5 11. dxe5 Nd7 12. e4 g5 13. exd5 gxf4 14. d6 Bxg2 15. dxe7 Qxe7 16. Kxg2 fxg3 17. hxg3 Rad8 18. Qh5 f6 19. exf6 Nxf6 20. Qg5+ Qg7 21. Nf3 Rfe8 22. Qh4 Rd3 23. Re5 Kh8 24. Rg5 Qb7 25. Qf4 Rf8 26. Rh1 Rf7 27. Rh6 Ne8 28. Rxh7+ Kxh7 29. Qh4# 1-0


[Site "https://www.chess.com"]

[Event "Titled Tuesday Blitz February 07 Late 2023"]
[White "Forgacs, Attila Jr."]
[Black "Antonova, Nadezhda"]
[WhiteFideId "773654"]
[BlackFideId "14700182"]
[WhiteElo "2264"]
[BlackElo "1945"]
[Result "1-0"]
[Round "05"]
[TimeControl "180+2"]
[Date "2023.02.07"]
[WhiteClock "0:01:29"]
[BlackClock "0:00:17"]

1. e4 c5 2. Nf3 d6 3. d4 cxd4 4. Nxd4 Nf6 5. Nc3 a6 6. f3 e5 7. Nb3 Be6 8. Be3 Nbd7 9. Qd2 h5 10. Be2 Be7 11. Nd5 Nxd5 12. exd5 Bf5 13. c4 Bh4+ 14. g3 Be7 15. Rc1 b6 16. O-O a5 17. a4 Rc8 18. f4 Bh3 19. Rf2 Nc5 20. Nxc5 bxc5 21. fxe5 dxe5 22. Bf1 Bg4 23. h3 Bd7 24. Bg2 Bd6 25. Rcf1 O-O 26. Qe2 h4 27. Qh5 hxg3 28. Rxf7 Rxf7 29. Qxf7+ Kh8 30. Qh5+ Kg8 31. Be4 1-0


[Site "https://www.chess.com"]

[Event "Titled Tuesday Blitz February 07 Late 2023"]
[White "Kovalevsky, Stanislav"]
[Black "Bouget, Alexandre"]
[WhiteFideId "13508598"]
[BlackFideId "681318"]
[WhiteElo "2237"]
[BlackElo "2267"]
[Result "1-0"]
[Round "05"]
[TimeControl "180+2"]
[Date "2023.02.07"]
[WhiteClock "0:02:34"]
[BlackClock "0:02:08"]

1. c4 Nf6 2. Nc3 g6 3. g3 Bg7 4. Bg2 O-O 5. e4 d6 6. Nge2 c5 7. O-O Nc6 8. a3 Bd7 9. Rb1 Qc8 10. b4 Bh3 11. d3 Bxg2 12. Kxg2 a5 13. bxc5 dxc5 14. Rb5 Nd7 15. Be3 Nd4 16. Bxd4 cxd4 17. Nd5 e6 18. Ne7+ 1-0


[Site "https://www.chess.com"]

[Event "Titled Tuesday Blitz February 07 Late 2023"]
[White "Todev, Simeon"]
[Black "Schroeder, Jan-Christian"]
[WhiteFideId "2925133"]
[BlackFideId "24662259"]
[WhiteElo "2033"]
[BlackElo "2553"]
[Result "0-1"]
[Round "05"]
[TimeControl "180+2"]
[Date "2023.02.07"]
[WhiteClock "0:00:01"]
[BlackClock "0:00:43"]

1. e4 d5 2. Nf3 dxe4 3. Ne5 Nf6 4. Bc4 e6 5. d4 exd3 6. Nxd3 Nc6 7. O-O Be7 8. Nc3 O-O 9. Bf4 Na5 10. Ne5 Nxc4 11. Nxc4 Nd5 12. Bg3 b6 13. Ne3 Bb7 14. Ncxd5 exd5 15. Qg4 Bf6 16. c3 Bc8 17. Qf3 c6 18. Rad1 Re8 19. c4 d4 20. Nc2 Ba6 21. b3 c5 22. Qd3 Bb7 23. Rfe1 Qc8 24. b4 Qc6 25. f3 a6 26. bxc5 bxc5 27. Na1 a5 28. Nb3 Rxe1+ 29. Rxe1 a4 30. Nd2 Bg5 31. Ne4 Be3+ 32. Bf2 f5 33. Ng3 f4 34. Nf5 Qe6 35. Bxe3 fxe3 36. Ng3 Ba6 37. Qa3 Qxc4 38. Rc1 Qb4 39. Qxb4 cxb4 40. Nf5 Rd8 41. Rc6 e2 42. Kf2 d3 43. Nd6 d2 0-1


[Site "https://www.chess.com"]

[Event "Titled Tuesday Blitz February 07 Late 2023"]
[White "Tanenbaum, Zachary"]
[Black "Rose, Felix"]
[WhiteFideId "2060850"]
[BlackFideId "5105722"]
[WhiteElo "2261"]
[BlackElo "2091"]
[Result "1-0"]
[Round "05"]
[TimeControl "180+2"]
[Date "2023.02.07"]
[WhiteClock "0:01:23"]
[BlackClock "0:00:41"]

1. e4 e5 2. Nf3 Nc6 3. Bc4 Nf6 4. d3 Bc5 5. c3 a6 6. Nbd2 Ba7 7. a4 O-O 8. Nf1 d5 9. exd5 Nxd5 10. Ng3 Be6 11. O-O Nf4 12. Bxe6 Nxe6 13. Re1 Nc5 14. d4 exd4 15. cxd4 Nd7 16. d5 Nb4 17. Nf5 Nf6 18. Bg5 Nbxd5 19. Qb3 Qc8 20. Re5 c6 21. Bxf6 1-0


[Site "https://www.chess.com"]

[Event "Titled Tuesday Blitz February 07 Late 2023"]
[White "Hristodoulou, Panagiotis"]
[Black "Szente Varga, Fruzsina"]
[WhiteFideId "4214340"]
[BlackFideId "712264"]
[WhiteElo "2372"]
[BlackElo "2075"]
[Result "1-0"]
[Round "05"]
[TimeControl "180+2"]
[Date "2023.02.07"]
[WhiteClock "0:02:14"]
[BlackClock "0:01:24"]

1. e4 Nf6 2. e5 Nd5 3. d4 d6 4. c4 Nb6 5. f4 g6 6. Nc3 Bg7 7. Be3 O-O 8. Rc1 dxe5 9. dxe5 Nc6 10. Nf3 Bg4 11. Be2 Bxf3 12. Bxf3 Nxc4 13. Bf2 Qxd1+ 14. Kxd1 Nxb2+ 15. Ke2 Na5 16. Nd5 e6 17. Nxc7 Rac8 18. Nb5 a6 19. Nd6 Rcd8 20. Bb6 Rxd6 21. exd6 Nac4 22. Bc7 Bf6 23. Bxb7 1-0


[Site "https://www.chess.com"]